 Dungeon Crawl Stone Soup version 0.30.0-11-gf55b779eaf (webtiles) character file.

Game seed: 11801118004909810198

128 jasper the Sneak (level 4, -6/22 HPs)
             Began as a Spriggan Brigand on May 16, 2023.
             Mangled by a gnoll
             ... wielding a +0 spear
              (9 damage)
             ... on level 3 of the Dungeon.
             The game lasted 00:03:39 (2439 turns).

jasper the Sneak (Spriggan Brigand)                 Turns: 2439, Time: 00:03:40

Health: -6/22      AC:  3    Str:  7    XL:     4   Next: 87%
Magic:  5/5        EV: 16    Int: 12    God:
Gold:   168        SH:  0    Dex: 18    Spells: 3/3 levels left

rFire   . . .        a - +3 dagger (flame)
rCold   . . .        (no shield)
rNeg    . . .        b - +0 robe
rPois   .            (helmet restricted)
rElec   .            c - +0 cloak
rCorr   .            (gloves unavailable)
SInv    +            (boots unavailable)
Will    .....        (no amulet)
Stlth   ++++         (no ring)
HPRegen 0.23/turn    (no ring)
MPRegen 0.09/turn

%: no passive effects
@: very quick
A: very small, no large weapons, unfitting armour, see invisible, speed 3
a: no special abilities


You were on level 3 of the Dungeon.
You visited 1 branch of the dungeon, and saw 3 of its levels.

You collected 168 gold pieces.

Inventory:

Hand Weapons
 a - a +3 dagger of flaming (weapon)
 f - a +0 short sword
 i - a +0 short sword
Missiles
 d - 14 poisoned darts (quivered)
 e - 3 curare-tipped darts
Armour
 b - a +0 robe (worn)
 c - a +0 cloak (worn)
Jewellery
 l - a +6 ring of intelligence
Scrolls
 j - a scroll of teleportation {unknown}
 k - a scroll of immolation
 m - 3 scrolls of enchant armour {unknown}
 q - a scroll of identify {unknown}
 s - a scroll of fog {unknown}
Potions
 g - 2 potions of might {unknown}
 h - a potion of haste {unknown}
 n - a potion of mutation {unknown}
 o - 2 potions of invisibility {unknown}
 p - a potion of berserk rage {unknown}
 r - a potion of heal wounds {unknown}
 t - a potion of lignification {unknown}


   Skills:
 - Level 1.5 Fighting
 * Level 4.8 Short Blades
 - Level 2.0 Throwing
 - Level 1.3 Dodging
 + Level 7.2 Stealth


You had 3 spell levels left.
You didn't know any spells.
Your spell library contained the following spells:

 Spells                   Type           Power      Damage    Failure   Level
 Kiss of Death            Conj/Necr      0%         2d5       32%         1
 Call Canine Familiar     Summ           0%         N/A       69%         3
 Confusing Touch          Hex            0%         N/A       69%         3
 Portal Projectile        Hex/Tloc       0%         N/A       69%         3
 Dispel Undead            Necr           0%         3d6       97%         4
 Leda's Liquefaction      Hex/Erth       0%         N/A       97%         4


Dungeon Overview and Level Annotations

Branches:
Dungeon (3/15)

Altars:

Shops:
D:3 (


Innate Abilities, Weirdness & Mutations

You are very small and have problems with some larger weapons.
You are too small for most types of armour.
You have supernaturally acute eyesight. (SInv)
You cover ground extremely quickly. (Speed+++)


Message History

You hit the gnoll but do no damage.
The gnoll is severely wounded.
The gnoll completely misses you.
You hit the gnoll. You burn the gnoll.
You kill the gnoll!
The orc closely misses you. The gnoll misses you.
Things that are here:
a +0 flail; a +0 flail You barely miss the orc.
The orc hits you with a +0 club. The gnoll closely misses you.
You take 1 damage, and have 21/22 hp.
You hit the orc but do no damage.
Health restored: 22 You hit the orc.
You burn the orc.
The orc is moderately wounded.
The orc misses you.
The gnoll hits you from afar with a +0 spear.
You take 6 damage, and have 16/22 hp.
MASSIVE DAMAGE!!
You hit the orc. You burn the orc.
You kill the orc!
The gnoll hits you from afar with a +0 spear.
You take 3 damage, and have 13/22 hp.
The gnoll closely misses you.
Things that are here:
a +0 club; a +0 chain mail; an orc corpse You hit the gnoll.
You burn the gnoll.
The gnoll is moderately wounded.
You barely miss the gnoll.
The gnoll is moderately wounded.
The gnoll hits you with a +0 spear.
You take 4 damage, and have 9/22 hp.
You closely miss the gnoll.
The gnoll is moderately wounded.
The gnoll hits you with a +0 spear!
* * * LOW HITPOINT WARNING * * *
You take 6 damage, and have 3/22 hp.
MASSIVE DAMAGE!!
You hit the gnoll. You burn the gnoll.
The gnoll is severely wounded.
The gnoll hits you with a +0 spear!
You die...

#.##..........###
###
#.##............#
...
#................
..
#####..####.###.#.o
#..# ###g#. #..#
... #..# #.#
###..########.#
#......)@g(...#
#.###.######### ...
#.# ### #?# ..# ###


You could see a gnoll.

Vanquished Creatures
  3 gnolls
  3 adders (D:2)
  2 worms (D:2)
  3 dart slugs
  An orc (D:3)
  3 ball pythons
  5 endoplasms
  2 giant cockroaches
  3 goblins (D:1)
  5 hobgoblins
  7 jackals (D:1)
  8 kobolds (D:1)
  3 quokkas
  3 bats
  A frilled lizard (D:2)
  5 rats
57 creatures vanquished.

Notes
Turn   | Place    | Note
-------+----------+-------------------------------------------
     0 | D:1      | jasper the Spriggan Brigand began the quest for the Orb.
     0 | D:1      | Reached XP level 1. HP: 10/10 MP: 2/2
    43 | D:1      | Reached skill level 6 in Stealth
    49 | D:1      | Reached XP level 2. HP: 13/14 MP: 3/3
   273 | D:1      | Reached XP level 3. HP: 18/18 MP: 4/4
  1343 | D:2      | Reached XP level 4. HP: 14/22 MP: 5/5
  1646 | D:2      | Reached skill level 7 in Stealth
  2103 | D:2      | Found a faded altar of an unknown god.
  2282 | D:3      | Found Gullil's Weapon Emporium.
  2439 | D:3      | Mangled by a gnoll

Illustrated notes

Levels and vault maps discovered:
D:1:      sevenhm_arrival_forest_fort_large_4, layout_loops_corners,
          serial_glass, glass_columns_a, glass_columns_a, st_stairs_12,
          amethyst_killhole, nicolae_grassy_gnolls
D:2:      layout_basic, shapermc_ecumenical_altar_mp_vishouse
D:3:      minmay_skewed_foursquare, layout_loops_ring, serial_shops,
          nicolae_shop_waterfront

Skill      XL: |  1  2  3  4 |
---------------+-------------+-----
Stealth        | 6 7 |  7.2
Short Blades   | 3 4 |  4.8
Fighting       | |  1.5
Throwing       | |  2.0
Dodging        | |  1.3

Action                     |  1- 3 |  4- 6 || total
---------------------------+-------+-------++-------
  Melee: Dagger            |   118 |    69 ||   187
         Punch             |     1 |       ||     1
  Throw: Dart              |     8 |     2 ||    10
    Use: Scroll            |     4 |       ||     4
   Stab: Sleeping          |     8 |     6 ||    14
 Armour: Robe              |    15 |     7 ||    22
  Dodge: Dodged            |    70 |    34 ||   104
